 Dungeon Crawl Stone Soup version 0.30.0-29-ga12c61a403 (webtiles) character file.

Game seed: 2401731584659704075

134 Sabo the Gusty (level 4, 0/34 HPs)
             Began as a Draconian Air Elementalist on June 11, 2023.
             Was an Initiate of Ashenzari.
             Slain by a sleepcap (1 damage)
             ... on level 4 of the Dungeon.
             The game lasted 00:21:52 (3916 turns).

Sabo the Gusty (Draconian Air Elementalist)         Turns: 3916, Time: 00:21:53

Health: 0/34       AC:  6    Str: 10    XL:     4   Next: 95%
Magic:  3/7        EV: 12    Int: 18    God:    Ashenzari [......]
Gold:   186        SH:  0    Dex: 11    Spells: 5/8 levels left

rFire   . . .        j - +1 long sword
rCold   . . .        (no shield)
rNeg    . . .        (body armour unavailable)
rPois   .            (helmet restricted)
rElec   .            l - +0 cloak
rCorr   .            (no gloves)
SInv    .            (no boots)
Will    .....        (no amulet)
Stlth   ++           (no ring)
HPRegen 0.25/turn    (no ring)
MPRegen 0.10/turn

%: no passive effects
@: no status effects
A: AC +5, unfitting armour, cold-blooded
a: Renounce Religion


You were on level 4 of the Dungeon.
You worshipped Ashenzari.
Ashenzari was noncommittal.
You visited 1 branch of the dungeon, and saw 4 of its levels.

You collected 186 gold pieces.

Inventory:

Hand Weapons
 g - a +0 sling
 j - a +1 long sword (weapon)
Missiles
 h - 5 datura-tipped darts
 o - 4 boomerangs
Armour
 l - a +0 cloak (worn)
Magical Staves
 d - a staff of death
Scrolls
 k - a scroll of summoning
 m - a scroll of magic mapping {unknown}
 p - a scroll of poison {unknown}
 q - a scroll of vulnerability {unknown}
Potions
 b - 2 potions of brilliance {unknown}
 c - a potion of flight {unknown}
 e - 5 potions of curing
 f - a potion of berserk rage {unknown}
 i - 2 potions of might {unknown}
 n - 2 potions of haste {unknown}


   Skills:
 + Level 0.9 Fighting
 + Level 1.3 Long Blades
 + Level 2.4 Dodging
 + Level 2.2 Stealth
 + Level 0.4 Unarmed Combat
 + Level 2.6 Spellcasting
 + Level 2.0 Conjurations
 + Level 3.6 Air Magic


You had 5 spell levels left.
You knew the following spells:

 Your Spells              Type           Power      Damage    Failure   Level
a - Shock                 Conj/Air       48%        1d6       5%          1
b - Static Discharge      Conj/Air       24%        2-3/arc   8%          2

Your spell library contained the following spells:

 Spells                   Type           Power      Damage    Failure   Level
 Swiftness                Air            15%        N/A       11%         3
 Cigotuvi's Dreadful Rot  Necr/Pois/Air  12%        N/A       16%         2
 Airstrike                Air            7%         2d(2-18)  36%         4
 Ignite Poison            Fire/Tmut/Pois 2%         N/A       45%         3
 Sticky Flame             Conj/Fire      6%         2d3       73%         4
 Dispel Undead            Necr           2%         3d7       86%         4
 Death Channel            Necr           1%         N/A       100%        6
 Ignition                 Fire           1%         3d3       100%        8


Dungeon Overview and Level Annotations

Branches:
Dungeon (4/15)
 Temple: D:4-7

Altars:
Ashenzari

Annotations:
D:3 1 runed translucent door, Crazy Yiuf


Innate Abilities, Weirdness & Mutations

Your plain brown scales are hard. (AC +5)
You cannot fit into any form of body armour.
You are cold-blooded and may be slowed by cold attacks.


Message History

Casting: Shock (safe; 5% risk of failure)
Confirm with . or Enter, or press ? or * to list all spells.
Aiming: Shock (safe; 5% risk of failure)
Press: ? - help, Shift-Dir - straight line, f/p - sleepcap
Aim: a sleepcap (almost destroyed, 100% to hit)
The zap hits the sleepcap but does no damage.
The sleepcap is almost destroyed.
The hobgoblin closely misses you. The sleepcap barely misses you.
The jelly hits you.
You are splashed with acid!
Casting: Shock (safe; 5% risk of failure)
Confirm with . or Enter, or press ? or * to list all spells.
Aiming: Shock (safe; 5% risk of failure)
Press: ? - help, Shift-Dir - straight line, f/p - sleepcap
Aim: a sleepcap (almost destroyed, 100% to hit)
The zap hits the sleepcap.
The sleepcap is almost destroyed.
The sleepcap releases spores at you but does no damage.
The jelly closely misses you.
The hobgoblin hits you but does no damage.
Casting: Shock (safe; 5% risk of failure)
Confirm with . or Enter, or press ? or * to list all spells.
Aiming: Shock (safe; 5% risk of failure)
Press: ? - help, Shift-Dir - straight line, f - jelly, p - sleepcap
Aim: a jelly (100% to hit)
The zap hits the jelly.
The jelly is moderately wounded.
The hobgoblin closely misses you. The jelly hits you.
* * * LOW HITPOINT WARNING * * *
You are splashed with acid!
* * * LOW HITPOINT WARNING * * *
The sleepcap misses you.
Casting: Shock (safe; 5% risk of failure)
Confirm with . or Enter, or press ? or * to list all spells.
Aiming: Shock (safe; 5% risk of failure)
Press: ? - help, Shift-Dir - straight line, f/p - jelly
Aim: a jelly (moderately wounded, 100% to hit)
The zap hits the jelly.
The jelly is heavily wounded.
The hobgoblin closely misses you. The sleepcap releases spores at you.
You die...

..........#
.......>..
.[....().#
.........#
...).....#
......?..#
.........#
......gfJ#
.......@.#
##########


You could see a sleepcap, a jelly and a hobgoblin.

Vanquished Creatures
  Terence (D:3)
  4 adders (D:3)
  A worm (D:2)
  2 dart slugs (D:1)
  3 orcs (D:3)
  5 bats
  3 endoplasms
  3 giant cockroaches
  4 goblins
  8 hobgoblins
  8 jackals
  3 quokkas
  4 ball pythons
  3 frilled lizards
  5 kobolds
  3 rats
60 creatures vanquished.

Notes
Turn   | Place    | Note
-------+----------+-------------------------------------------
     0 | D:1      | Sabo the Draconian Air Elementalist began the quest for the
                  | Orb.
     0 | D:1      | Reached XP level 1. HP: 14/14 MP: 3/3
   271 | D:1      | Reached XP level 2. HP: 20/20 MP: 0/5
   356 | D:1      | You fall into a shaft and drop 1 floor!
  1177 | D:2      | Reached XP level 3. HP: 26/26 MP: 3/6
  1843 | D:1      | Learned a level 2 spell: Static Discharge
  2416 | D:3      | Reached XP level 4. HP: 31/33 MP: 1/7
  2943 | D:3      | Reached skill level 1 in Long Blades
  3331 | D:3      | Found a runed translucent door.
  3687 | D:3      | Found a broken altar of Ashenzari.
  3687 | D:3      | Noticed Terence
  3697 | D:3      | Killed Terence
  3764 | D:3      | Became a worshipper of Ashenzari the Shackled
  3870 | D:3      | Noticed Crazy Yiuf
  3915 | D:4      | HP: 1/34 [acid (8)]
  3916 | D:4      | Slain by a sleepcap

Illustrated notes

Levels and vault maps discovered:
D:1:      shiori_shiawase, layout_rooms, dreamdust_princess_corridor
D:2:      kennysheep_six_static_rooms, layout_loops_ring
D:3:      layout_loops_corners, lemuel_doored_altar, uniq_crazy_yiuf_cottage,
          uniq_terence
D:4:      layout_basic, mainiacjoe_overflow_alcove_2,
          mainiacjoe_overflow_alcove_4, led_sif_pool, lemuel_round_altar

Skill      XL: |  1  2  3  4 |
---------------+-------------+-----
Dodging        | 2 |  2.4
Stealth        | 2 |  2.2
Long Blades    | 1 |  1.3
Conjurations   | 2 |  2.0
Fighting       | |  0.9
Unarmed Combat | |  0.4
Spellcasting   | |  2.6
Air Magic      | |  3.6

Action                     |  1- 3 |  4- 6 || total
---------------------------+-------+-------++-------
  Melee: Unarmed           |    66 |       ||    66
         Tailslap          |     9 |     1 ||    10
         Punch             |     2 |       ||     2
         Long sword        |    60 |    28 ||    88
   Cast: Shock             |    71 |    35 ||   106
    Use: Scroll            |     4 |     2 ||     6
         Potion            |       |     1 ||     1
 Armour: Skin              |    73 |    23 ||    96
  Dodge: Dodged            |   143 |    25 ||   168
